 Dungeon Crawl Stone Soup version 0.31.0-9-g3a7656b989 (webtiles) character file.

Game seed: 11357692280135995644

26 qw the Shooter (level 2, -2/14 HPs)
             Began as a Spriggan Hunter on Feb 2, 2024.
             Slain by Terence
             ... wielding a +0 hand axe
              (6 damage)
             ... on level 2 of the Dungeon.
             The game lasted 00:00:03 (1135 turns).

qw the Shooter (Spriggan Hunter)                    Turns: 1135, Time: 00:00:04

Health: -2/14      AC:  3    Str:  6 (7)  XL:     2   Next: 89%
Magic:  3/3        EV: 18    Int:  8 (10) God:
Gold:   98         SH:  0    Dex: 16 (18) Spells: 1/1 levels left

rFire   . . .        a - +0 shortbow
rCold   . . .        (shield currently unavailable)
rNeg    . . .        c - +0 robe
rPois   .            (helmet restricted)
rElec   .            i - +0 cloak
rCorr   .            (gloves unavailable)
SInv    +            (boots unavailable)
Will    .....        (no amulet)
Stlth   ++           (no ring)
HPRegen 0.22/turn    (no ring)
MPRegen 0.08/turn

%: no passive effects
@: very quick
A: very small, no large weapons, unfitting armour, see invisible, speed 3
a: no special abilities


You were on level 2 of the Dungeon.
You visited 1 branch of the dungeon, and saw 2 of its levels.

You collected 98 gold pieces.


Innate Abilities, Weirdness & Mutations

You are very small and have problems with some larger weapons.
You are too small for most types of armour.
You have supernaturally acute eyesight. (SInv)
You cover ground extremely quickly. (Speed+++)


   Skills:
 - Level 1.5 Fighting
 + Level 4.4 Ranged Weapons
 - Level 4.0 Dodging
 - Level 1.5 Stealth


You had one spell level left.
You didn't know any spells.
Your spell library was empty.

Inventory:

Hand Weapons
 a - a +0 shortbow (weapon)
Armour
 c - a +0 robe (worn)
 i - a +0 cloak (worn)
Scrolls
 b - a scroll of revelation {unknown}
 g - 2 scrolls of teleportation {unknown}
 k - a scroll of identify {unknown}
Potions
 d - 3 potions of attraction {unknown}
 e - a potion of berserk rage {unknown}
 f - a potion of curing
 h - a potion of haste {unknown}
 j - 2 potions of brilliance {unknown}

Dungeon Overview and Level Annotations

Branches:
Dungeon (2/15)

Altars:

Shops:
D:2 (

Annotations:
D:2 Terence


Message History

Terence is lightly wounded.
You shoot an arrow.
The arrow hits Terence but does no damage.
Terence is lightly wounded.
You shoot an arrow. The arrow barely misses Terence.
The arrow hits the endoplasm but does no damage.
The endoplasm is moderately wounded.
Terence completely misses you.
You shoot an arrow. The arrow hits the endoplasm.
You kill the endoplasm!
Terence misses you.
You shoot an arrow. The arrow hits Terence.
Terence is moderately wounded.
Terence hits you with a +0 hand axe. Terence closely misses you.
You shoot an arrow. The arrow closely misses Terence.
Terence completely misses you.
You shoot an arrow. The arrow barely misses Terence.
Terence hits you with a +0 hand axe.
You shoot an arrow.
The arrow hits Terence but does no damage.
Terence is moderately wounded.
Terence closely misses you.
You shoot an arrow. The arrow hits Terence.
Terence is moderately wounded.
Terence completely misses you.
You shoot an arrow. The arrow closely misses Terence.
Terence completely misses you. Terence closely misses you.
You shoot an arrow. The arrow hits Terence.
Terence is heavily wounded.
Terence hits you with a +0 hand axe.
You shoot an arrow.
The arrow hits Terence but does no damage.
Terence is heavily wounded.
Terence barely misses you.
You shoot an arrow.
The arrow hits Terence but does no damage.
Terence is heavily wounded.
Terence hits you with a +0 hand axe.
You die...
Terence says, "Time to find some more victims."

........# #.# ........#
..# #.# .#......# ..# .#
.#......# ##..##
.#..#...# .....#####
.#..#...# #.#.?.....
##### ..# #.# #.#.......
.#..#...###.###.#.......
.#..#...#.......@@.^....
.#......###.###.#.......
.#......# #(# #.#....?..
).......###.###.#.....!.
........#...>...##.#..>.
#'#######...............
.......####.############
.##########.#
............#


You could see Terence.

Vanquished Creatures
  A dart slug (D:2)
  2 ball pythons
  An endoplasm (D:2)
  4 hobgoblins (D:1)
  6 kobolds
  A quokka (D:2)
  3 bats
  A frilled lizard (D:1)
  2 goblins (D:1)
  3 rats (D:1)
24 creatures vanquished.

Notes
Turn   | Place    | Note
-------+----------+-------------------------------------------
     0 | D:1      | qw the Spriggan Hunter began the quest for the Orb.
     0 | D:1      | Reached XP level 1. HP: 10/10 MP: 2/2
     0 | D:1      | 0 ||| qw: Version: 0.3-a-155-g5e7d8dd
     0 | D:1      | 0 ||| qw: Game counter: 2690
     0 | D:1      | 0 ||| qw: Melee chars always use a shield: true
     0 | D:1      | 0 ||| qw: God list: Okawaru
     0 | D:1      | 0 ||| qw: Allow faded altars: false
     0 | D:1      | 0 ||| qw: Do Orc after clearing Dungeon:15 true
     0 | D:1      | 0 ||| qw: Do second Lair branch before Depths: true
     0 | D:1      | 0 ||| qw: Lair rune preference: random
     0 | D:1      | 0 ||| qw: Goals: Normal
     0 | D:1      | 0 ||| PLANNING D:1-11
    17 | D:1      | Reached skill level 3 in Dodging
   199 | D:1      | Reached XP level 2. HP: 14/14 MP: 3/3
   593 | D:1      | 593 ||| UPGRADING to +0 cloak.
   598 | D:1      | 598 ||| READING scroll labelled YCUKODD AJOFONG.
   599 | D:1      | 599 ||| DRINKING 2 yellow potions.
   600 | D:1      | 600 ||| DRINKING 3 glowing emerald potions.
   601 | D:1      | 601 ||| DROPPING scroll of butterflies.
   602 | D:1      | 602 ||| DROPPING 2 potions of degeneration.
   604 | D:1      | 604 ||| Stepping ~*~*~tactically~*~*~ (cloud).
   611 | D:1      | HP: 3/14 [poisoned by you (poison gas)]
   952 | D:2      | Found Qukomp's Antique Weapon Shoppe.
  1119 | D:2      | Noticed Terence
  1133 | D:2      | HP: 3/14 [Terence/+0 hand axe (5)]
  1135 | D:2      | Slain by Terence

Levels and vault maps discovered:
D:1:      co_arrival_square_in_a_square_in_a_square, layout_loops_cross
D:2:      layout_loops_ring, serial_shops, shop, kennysheep_generic_room_16,
          uniq_terence

Skill      XL: |  1  2 |
---------------+-------+-----
Dodging        | 3 4 |  4.0
Fighting       | |  1.5
Ranged Weapons | |  4.4
Stealth        | |  1.5

Action                     || total
---------------------------++-------
   Fire: Shortbow          ||    79
    Use: Potion            ||     2
         Scroll            ||     1
 Armour: Robe              ||    13
  Dodge: Dodged            ||    31

Table legend:
 A = Non-vault XP
 B = Vault XP
 C = Vault XP percentage of total XP
 D = Non-vault monster count
 E = Vault monster count
 F = Vault count percentage of total count
                 A         B        C        D         E       F
            +---------+---------+-------+---------+---------+-------
      Total |      36 |       2 |   5.3 |      22 |       2 |   8.3
            +---------+---------+-------+---------+---------+-------
        D:1 |      25 |       0 |   0.0 |      16 |       0 |   0.0
        D:2 |      11 |       2 |  15.4 |       6 |       2 |  25.0
            +---------+---------+-------+---------+---------+-------
